AoeStats
← skeezerrr

Nomad

508240058Analyzed
4v4 RM · 12d ago on Sep 21, 2026· 46m 8s· 8 players
Game mode
Random Map
Map size
231×231
Population
200
Speed
Normal
Resources
Standard
Victory
Conquest
Starting age
Dark Age
Ending age
Imperial Age
RankedLock teamsTeams togetherTeam positionsShared explorationLock speedFull tech treeHidden civsTurbo modeCheats
Victory
Defeat
🇬🇧 Persians · United Kingdom
1204
+15
🇯🇵 Britons · Japan
1148
+17
🇦🇷 Mongols · Argentina
1123
+18
🇬🇧 Vietnamese · United Kingdom
1102
+19
🇭🇰 Magyars · Hong Kong SAR China
1187
-18
🇭🇰 Vietnamese · Hong Kong SAR China
1176
-17
🇭🇰 Wei · Hong Kong SAR China
1174
-17
🇭🇰 Spanish · Hong Kong SAR China
1173
-17
Chaneitor
4:06 Loom
14:52 Feudal Age
20:42 Castle Age
19:36 Bloodlines
21:18 Wheelbarrow
21:31 Fletching
21:47 Scale Barding Armor
21:44 Husbandry
24:49 Bodkin Arrow
27:48 Ballistics
29:20 Masonry
32:32 Chain Barding Armor
33:59 Hand Cart
33:29 Town Watch
41:21 Imperial Age
43:10 Chemistry
42:43 Bracer
44:04 Drill
45:14 Conscription
45:14 Siege Engineers
Husain Bolt
3:25 Loom
14:09 Feudal Age
15:32 Double-Bit Axe
21:06 Castle Age
20:07 Stone Mining
25:14 Fletching
37:01 Gold Mining
37:39 Bloodlines
37:18 Horse Collar
37:50 Bow Saw
38:52 Heavy Plow
41:02 Wheelbarrow
41:39 Scale Barding Armor
41:45 Forging
45:21 Imperial Age
43:55 Chain Barding Armor
45:21 Iron Casting
45:38 Cavalier
skeezerrr
6:39 Loom
15:04 Feudal Age
15:30 Town Watch
16:21 Wheelbarrow
15:46 Double-Bit Axe
18:31 Gold Mining
20:46 Castle Age
20:43 Stone Mining
20:58 Elite Skirmisher
22:13 Fletching
23:27 Bow Saw
27:24 Padded Archer Armor
28:33 Bodkin Arrow
31:08 Thumb Ring
33:16 Stone Shaft Mining
33:06 Ballistics
35:20 Leather Archer Armor
34:48 Horse Collar
37:23 Forging
41:06 Imperial Age
39:45 Pikeman
40:26 Squires
41:56 Iron Casting
42:02 Capped Ram
42:09 Elite Rattan Archer
43:04 Bracer
44:59 Chemistry
43:40 Treadmill Crane
44:35 Halberdier
sada-aki
6:19 Loom
14:48 Feudal Age
15:18 Double-Bit Axe
20:47 Castle Age
19:20 Gold Mining
19:22 Stone Mining
21:52 Bow Saw
22:19 Treadmill Crane
25:45 Fletching
25:55 Padded Archer Armor
25:44 Crossbowman
27:31 Bodkin Arrow
29:23 Horse Collar
30:24 Leather Archer Armor
32:51 Yeomen
37:32 Imperial Age
36:28 Ballistics
38:14 Gold Shaft Mining
37:33 Arbalester
38:15 Bracer
38:45 Ring Archer Armor
40:00 Chemistry
39:06 Siege Engineers
38:52 Capped Ram
41:34 Wheelbarrow
42:05 Two-Man Saw
43:47 Warwolf
tlftommy
9:08 Loom
9:18 Loom
9:20 Loom
13:44 Feudal Age
14:10 Double-Bit Axe
14:20 Stone Mining
14:17 Horse Collar
14:28 Stone Mining
21:10 Castle Age
19:10 Gold Mining
29:47 Fletching
37:18 Scale Mail Armor
37:26 Bodkin Arrow
39:20 Bow Saw
41:57 Stone Shaft Mining
41:57 Gold Shaft Mining
41:45 Heavy Plow
46:18 Imperial Age
44:32 Town Watch
44:52 Padded Archer Armor
45:54 Wheelbarrow
46:00 Leather Archer Armor
aykc
4:49 Loom
14:55 Feudal Age
19:57 Castle Age
18:29 Double-Bit Axe
19:03 Horse Collar
23:05 Scale Barding Armor
26:05 Bow Saw
27:23 Heavy Plow
29:39 Bloodlines
29:32 Husbandry
31:36 Wheelbarrow
32:28 Chain Barding Armor
34:57 Hand Cart
39:33 Fletching
40:10 Bodkin Arrow
42:22 Stone Mining
42:23 Gold Mining
pong0109
12:06 Loom
13:57 Feudal Age
16:30 Double-Bit Axe
22:37 Castle Age
22:28 Fletching
22:39 Padded Archer Armor
23:43 Crossbowman
26:12 Bodkin Arrow
26:32 Leather Archer Armor
26:30 Bow Saw
26:03 Horse Collar
27:39 Leather Archer Armor
27:39 Gold Mining
28:13 Heavy Plow
28:28 Stone Mining
31:30 Ballistics
36:53 Thumb Ring
41:05 Wheelbarrow
40:37 Elite Skirmisher
43:59 Imperial Age
44:45 Bracer
45:15 Ring Archer Armor
44:09 Imperial Skirmisher
45:34 Ring Archer Armor
46:46 Chemistry
hctangaa
4:52 Loom
14:34 Feudal Age
20:14 Castle Age
21:39 Double-Bit Axe
21:49 Gold Mining
21:59 Horse Collar
25:00 Fletching
27:09 Bow Saw
27:43 Heavy Plow
28:07 Bloodlines
27:57 Husbandry
32:00 Husbandry
34:17 Stone Mining
38:01 Scale Barding Armor
38:50 Bodkin Arrow
Connection lost

Rejoining the realm…

Still unreachable

The connection could not be restored.

Session expired

The server has moved on; the page needs a fresh start.